cohdb
Replays
Latest Replays
All Replays
Popular Replays
Top Player Replays
Match Explorer
How It Works
Community
CoH3 Stats
Reddit
Sign in to upload your games and track your stats! →
Sign in with Steam
Match 45863222
Unlisted
Match 45863222
Overview
Messages
Build Orders
End
Royal Engineer Section
Construct Section Command Post
Infantry Section
Vickers Machine Gun Team
Infantry Section
Infantry Section
Grenade Package
Construct Platoon Command Post
Construct Field Infirmary
6-pounder Anti-tank Gun Team
Construct Company Command Post
Foot Guards Section
Matilda II Heavy Tank
Selects Heavy Armor Battlegroup
Selects Rigorous Vehicle Training
Selects Forward Repair Assembly
Foot Guards Section
Infantry Training
Unlock Bishop Self-propelled Artillery
Selects Churchill Black Prince Heavy Tank
Bishop Self-propelled Artillery
Sad Pepe
rotation
0
0
Comments
sign in to comment!
No comments posted yet!